Workbook

Sheet BDI (24,19%)
B4: Quadro de Composição do BDI
B6: Construção e Reforma de Edifícios
B8: Conforme legislação tributária municipal, definir estimativa de percentual da base de cálculo para o ISS: | G8: 1
B9: Sobre a base de cálculo, definir a respectiva alíquota do ISS (entre 2% e 5%): | G9: 0.05
B11: Itens | C11: Siglas | D11: Preencher percentuais das parcelas do BDI | E11: Situação intervalo admissível | F11: 1º Quartil | G11: Médio | H11: 3º Quartil
B12: Administração Central | C12: AC | D12: 0.035 | E12: - | F12: 0.03 | G12: 0.04 | H12: 0.055
B13: Seguro e Garantia | C13: SG | D13: 0.008 | E13: - | F13: 0.008 | G13: 0.008 | H13: 0.01
B14: Risco | C14: R | D14: 0.0127 | E14: - | F14: 0.0097 | G14: 0.0127 | H14: 0.0127
B15: Despesas Financeiras | C15: DF | D15: 0.0123 | E15: - | F15: 0.0059 | G15: 0.0123 | H15: 0.0139
B16: Lucro | C16: L | D16: 0.0616 | E16: - | F16: 0.0616 | G16: 0.074 | H16: 0.0896
B17: Tributos (impostos COFINS 3%, e PIS 0,65%) | C17: CP | D17: 0.0365 | E17: =IF(AND(D17>=F17, D17<=H17), "OK", "Não OK") -> OK | F17: 0.0365 | G17: 0.0365 | H17: 0.0365
B18: Tributos (ISS, variável de acordo com o município) | C18: ISS | D18: =G9*G8 -> 0.05 | E18: =IF(AND(D18>=F18, D18<=H18), "OK", "Não OK") -> OK | F18: 0 | G18: 0.025 | H18: 0.05
B19: Tributos (Contribuição Previdenciária - 0% ou 4,5%, conforme Lei 13.161/2015 - Desoneração) | C19: CPRB | D19: 0 | E19: =IF(AND(D19>=F19, D19<=H19), "OK", "Não OK") -> OK | F19: 0 | G19: 0.02 | H19: 0.045
B20: Fórmula de BDI adotado conforme Acórdão TCU | C20: BDI PAD | D20: =ROUND((((1+D12+D13+D14)*(1+D15)*(1+D16)/(1-(D17+D18)))-1),4) -> 0.2419 | E20: =IF(AND(D20>=F20, D20<=H20), "OK", "Não OK") -> OK | F20: 0.2034 | G20: 0.2212 | H20: 0.25
B21: BDI SINAPI DESONERADO (A ser aplicado na Planilha Orçamentária) | C21: BDI DES | D21: =ROUND((((1+D12+D13+D14)*(1+D15)*(1+D16)/(1-(D17+D18+D19)))-1),4) -> 0.2419 | E21: =IF(COUNTIF($E$12:$E$20,"NÃO OK")>0,"NÃO OK","OK") -> OK
B23: Os valores de BDI foram calculados com o emprego da fórmula abaixo:
B25: Declaro para os devidos fins que, conforme legislação tributária municipal, a base de cálculo para Construção e Reforma de Edifícios, é de 50%, com a respectiva alíquota de 5%.
B26: Declaro para os devidos fins que para o cálculo deste BDI, optamos pelo Orçamento SEM DESONERAÇÃO, e que esta alternativa é a mais adequada para a Administração Pública.

Sheet BDI-red (11,10%)
B4: Quadro de Composição do BDI
B6: Fornecimento de Materiais e Equipamentos
B8: Conforme legislação tributária municipal, definir estimativa de percentual da base de cálculo para o ISS: | G8: 1
B9: Sobre a base de cálculo, definir a respectiva alíquota do ISS (entre 2% e 5%): | G9: 0
B11: Itens | C11: Siglas | D11: Preencher percentuais das parcelas do BDI | E11: Situação intervalo admissível | F11: 1º Quartil | G11: Médio | H11: 3º Quartil
B12: Administração Central | C12: AC | D12: 0.015 | E12: - | F12: 0.015 | G12: 0.0345 | H12: 0.0449
B13: Seguro e Garantia | C13: SG | D13: 0.003 | E13: - | F13: 0.003 | G13: 0.0048 | H13: 0.0082
B14: Risco | C14: R | D14: 0.0056 | E14: - | F14: 0.0056 | G14: 0.0085 | H14: 0.0089
B15: Despesas Financeiras | C15: DF | D15: 0.0085 | E15: - | F15: 0.0085 | G15: 0.0085 | H15: 0.0111
B16: Lucro | C16: L | D16: 0.037 | E16: - | F16: 0.035 | G16: 0.0511 | H16: 0.0622
B17: Tributos (impostos COFINS 3%, e PIS 0,65%) | C17: CP | D17: 0.0365 | E17: =IF(AND(D17>=F17, D17<=H17), "OK", "Não OK") -> OK | F17: 0.0365 | G17: 0.0365 | H17: 0.0365
B18: Tributos (ISS, variável de acordo com o município) | C18: ISS | D18: =G9*G8 -> 0 | E18: =IF(AND(D18>=F18, D18<=H18), "OK", "Não OK") -> OK | F18: 0 | G18: 0.025 | H18: 0.05
B19: Tributos (Contribuição Previdenciária - 0% ou 4,5%, conforme Lei 13.161/2015 - Desoneração) | C19: CPRB | D19: 0 | E19: =IF(AND(D19>=F19, D19<=H19), "OK", "Não OK") -> OK | F19: 0 | G19: 0.02 | H19: 0.045
B20: Fórmula de BDI adotado conforme Acórdão TCU | C20: BDI PAD | D20: 0.111 | E20: =IF(AND(D20>=F20, D20<=H20), "OK", "Não OK") -> OK | F20: 0.111 | G20: 0.1402 | H20: 0.168
B21: BDI SINAPI DESONERADO (A ser aplicado na Planilha Orçamentária) | C21: BDI DES | D21: =ROUND((((1+D12+D13+D14)*(1+D15)*(1+D16)/(1-(D17+D18+D19)))-1),4) -> 0.111 | E21: =IF(COUNTIF($E$12:$E$20,"NÃO OK")>0,"NÃO OK","OK") -> OK
B23: Os valores de BDI foram calculados com o emprego da fórmula abaixo:
B25: Declaro para os devidos fins que, conforme legislação tributária municipal, a base de cálculo para Construção e Reforma de Edifícios, é de 50%, com a respectiva alíquota de 5%.
B26: Declaro para os devidos fins que para o cálculo deste BDI, optamos pelo Orçamento SEM DESONERAÇÃO, e que esta alternativa é a mais adequada para a Administração Pública.

Sheet Planilha
B4: PLANILHA ORÇAMENTÁRIA - SEM DESONERAÇÃO | I4: 46183
B7: Unidade | C7: UBS ENGENHEIRO SCHMITT | I7: BDI= | J7: ='BDI (24,19%)'!D21 -> 0.2419
B8: Objeto | C8: ADEQUAÇÃO NA VARANDA DA UNIDADE | I8: BDI.red.= | J8: ='BDI-red (11,10%)'!D21 -> 0.111
B9: Local | C9: RUA OTÁVIO ZANETONE, 158
C10: JD. SCHMITT - DISTRITO DE ENGENHEIRO SCHMITT | G10: Cidade: | H10: SÃO JOSÉ DO RIO PRETO - SP
B12: REF.: PREÇOS: SINAPI-ABR.2026; CDHU-BOL.201; FDE-ABR.2026; ORSE-MAR.2026
B14: ITEM | C14: FONTE | D14: CÓDIGO | E14: DESCRIÇÃO | F14: UNID | G14: QUANT | H14: CUSTO UNITÁRIO (R$) | I14: UNITÁRIO COM BDI (R$) | J14: VALOR TOTAL COM BDI (R$)
B15: 1 | E15: EXECUÇÃO
B16: 1.1 | E16: PLACA DE OBRA | J16: =SUM(J17:J17) -> 638.88
B17: 1.1.1 | C17: CDHU-SD | D17: 02.08.050 | E17: PLACA EM LONA COM IMPRESSÃO DIGITAL E ESTRUTURA EM MADEIRA | F17: M2 | G17: 2.5 | H17: 205.77 | I17: =ROUND(ROUND(H17,2)*(1+J$7),2) -> 255.55 | J17: =ROUND(G17*I17,2) -> 638.88
B18: 1.2 | E18: SALA VACINA >> CONSULTORIO | J18: =SUM(J19:J41) -> 5291.79
B19: 1.2.1 | C19: CDHU-SD | D19: 04.11.030 | E19: RETIRADA DE BANCADA INCLUINDO PERTENCES | F19: M2 | G19: 0.72 | H19: 70.49 | I19: =ROUND(ROUND(H19,2)*(1+J$7),2) -> 87.54 | J19: =ROUND(G19*I19,2) -> 63.03
B20: 1.2.2 | C20: CDHU-SD | D20: 04.09.020 | E20: RETIRADA DE ESQUADRIA METÁLICA EM GERAL | F20: M2 | G20: 2.79 | H20: 35.25 | I20: =ROUND(ROUND(H20,2)*(1+J$7),2) -> 43.78 | J20: =ROUND(G20*I20,2) -> 122.15
B21: 1.2.3 | C21: SINAPI | D21: 97622 | E21: DEMOLIÇÃO DE ALVENARIA DE BLOCO FURADO, DE FORMA MANUAL, SEM REAPROVEITAMENTO. AF_09/2023 | F21: M3 | G21: 0.14 | H21: 80.85 | I21: =ROUND(ROUND(H21,2)*(1+J$7),2) -> 100.41 | J21: =ROUND(G21*I21,2) -> 14.06
B22: 1.2.4 | C22: CDHU-SD | D22: 05.07.040 | E22: REMOÇÃO DE ENTULHO SEPARADO DE OBRA COM CAÇAMBA METÁLICA - TERRA, ALVENARIA, CONCRETO, ARGAMASSA, MADEIRA, PAPEL, PLÁSTICO OU METAL | F22: M3 | G22: 0.18 | H22: 112.66 | I22: =ROUND(ROUND(H22,2)*(1+J$7),2) -> 139.91 | J22: =ROUND(G22*I22,2) -> 25.18
B23: 1.2.5 | C23: CDHU-SD | D23: 24.20.020 | E23: RECOLOCAÇÃO DE ESQUADRIAS METÁLICAS | F23: M2 | G23: 0.9 | H23: 50.35 | I23: =ROUND(ROUND(H23,2)*(1+J$7),2) -> 62.53 | J23: =ROUND(G23*I23,2) -> 56.28
B24: 1.2.6 | C24: SINAPI | D24: 103330 | E24: ALVENARIA DE VEDAÇÃO DE BLOCOS CERÂMICOS FURADOS NA HORIZONTAL DE 11,5X19X19 CM (ESPESSURA 11,5 CM) E ARGAMASSA DE ASSENTAMENTO COM PREPARO EM BETONEIRA. AF_12/2021 | F24: M2 | G24: 3.05 | H24: 95.19 | I24: =ROUND(ROUND(H24,2)*(1+J$7),2) -> 118.22 | J24: =ROUND(G24*I24,2) -> 360.57
B25: 1.2.7 | C25: SINAPI | D25: 87878 | E25: CHAPISCO APLICADO EM ALVENARIAS E ESTRUTURAS DE CONCRETO INTERNAS, COM COLHER DE PEDREIRO. ARGAMASSA TRAÇO 1:3 COM PREPARO MANUAL. AF_10/2022 | F25: M2 | G25: 4.84 | H25: 5.91 | I25: =ROUND(ROUND(H25,2)*(1+J$7),2) -> 7.34 | J25: =ROUND(G25*I25,2) -> 35.53
B26: 1.2.8 | C26: SINAPI | D26: 87529 | E26: MASSA ÚNICA, EM ARGAMASSA TRAÇO 1:2:8, PREPARO MECÂNICO, APLICADA MANUALMENTE EM PAREDES INTERNAS DE AMBIENTES COM ÁREA ENTRE 5M² E 10M², E = 17,5MM, COM TALISCAS. AF_03/2024 | F26: M2 | G26: 4.84 | H26: 41.96 | I26: =ROUND(ROUND(H26,2)*(1+J$7),2) -> 52.11 | J26: =ROUND(G26*I26,2) -> 252.21
B27: 1.2.9 | C27: SINAPI | D27: 87262 | E27: REVESTIMENTO CERÂMICO PARA PISO COM PLACAS TIPO PORCELANATO DE DIMENSÕES 60X60 CM APLICADA EM AMBIENTES DE ÁREA ENTRE 5 M² E 10 M². AF_02/2023 | F27: M2 | G27: 1.28 | H27: 128.7 | I27: =ROUND(ROUND(H27,2)*(1+J$7),2) -> 159.83 | J27: =ROUND(G27*I27,2) -> 204.58
B28: 1.2.10 | C28: FDE | D28: 13.05.026 | E28: RODAPÉ DE GRANILITE SIMPLES ALTURA 7CM | F28: M | G28: 1.2 | H28: 67.63 | I28: =ROUND(ROUND(H28,2)*(1+J$7),2) -> 83.99 | J28: =ROUND(G28*I28,2) -> 100.79
B29: 1.2.11 | C29: CDHU-SD | D29: 44.01.240 | E29: LAVATÓRIO EM LOUÇA COM COLUNA SUSPENSA | F29: UN | G29: 1 | H29: 626.13 | I29: =ROUND(ROUND(H29,2)*(1+J$7),2) -> 777.59 | J29: =ROUND(G29*I29,2) -> 777.59
B30: 1.2.12 | C30: SINAPI | D30: 86877 | E30: VÁLVULA EM METAL CROMADO 1.1/2 X 1.1/2 PARA TANQUE OU LAVATÓRIO, COM OU SEM LADRÃO - FORNECIMENTO E INSTALAÇÃO. AF_01/2020 | F30: UN | G30: 1 | H30: 66.9 | I30: =ROUND(ROUND(H30,2)*(1+J$7),2) -> 83.08 | J30: =ROUND(G30*I30,2) -> 83.08
B31: 1.2.13 | C31: SINAPI | D31: 86882 | E31: SIFÃO DO TIPO GARRAFA/COPO EM PVC 1.1/4 X 1.1/2" - FORNECIMENTO E INSTALAÇÃO. AF_01/2020 | F31: UN | G31: 1 | H31: 26.7 | I31: =ROUND(ROUND(H31,2)*(1+J$7),2) -> 33.16 | J31: =ROUND(G31*I31,2) -> 33.16
B32: 1.2.14 | C32: SINAPI | D32: 90443 | E32: RASGO EM ALVENARIA PARA RAMAIS/ DISTRIBUIÇÃO COM DIAMETROS MENORES OU IGUAIS A 40 MM. AF_05/2015 | F32: M | G32: 4 | H32: 11.6 | I32: =ROUND(ROUND(H32,2)*(1+J$7),2) -> 14.41 | J32: =ROUND(G32*I32,2) -> 57.64
B33: 1.2.15 | C33: SINAPI | D33: 90466 | E33: CHUMBAMENTO LINEAR EM ALVENARIA PARA RAMAIS/DISTRIBUIÇÃO COM DIÂMETROS MENORES OU IGUAIS A 40 MM. AF_05/2015 | F33: M | G33: 4 | H33: 20.97 | I33: =ROUND(ROUND(H33,2)*(1+J$7),2) -> 26.04 | J33: =ROUND(G33*I33,2) -> 104.16
B34: 1.2.16 | C34: CDHU-SD | D34: 46.01.020 | E34: TUBO DE PVC RÍGIDO SOLDÁVEL MARROM, DN= 25 MM, (3/4´), INCLUSIVE CONEXÕES | F34: M | G34: 2 | H34: 34.19 | I34: =ROUND(ROUND(H34,2)*(1+J$7),2) -> 42.46 | J34: =ROUND(G34*I34,2) -> 84.92
B35: 1.2.17 | C35: CDHU-SD | D35: 46.02.010 | E35: TUBO DE PVC RÍGIDO BRANCO, PONTAS LISAS, SOLDÁVEL, LINHA ESGOTO SÉRIE NORMAL, DN= 40 MM, INCLUSIVE CONEXÕES | F35: M | G35: 2 | H35: 40.29 | I35: =ROUND(ROUND(H35,2)*(1+J$7),2) -> 50.04 | J35: =ROUND(G35*I35,2) -> 100.08
B36: 1.2.18 | C36: SINAPI | D36: 88485 | E36: FUNDO SELADOR ACRÍLICO, APLICAÇÃO MANUAL EM PAREDE, UMA DEMÃO. AF_04/2023 | F36: M2 | G36: 34.42 | H36: 5.12 | I36: =ROUND(ROUND(H36,2)*(1+J$7),2) -> 6.36 | J36: =ROUND(G36*I36,2) -> 218.91
B37: 1.2.19 | C37: SINAPI | D37: 88497 | E37: EMASSAMENTO COM MASSA LÁTEX, APLICAÇÃO EM PAREDE, DUAS DEMÃOS, LIXAMENTO MANUAL. AF_04/2023 | F37: M2 | G37: 34.42 | H37: 22.52 | I37: =ROUND(ROUND(H37,2)*(1+J$7),2) -> 27.97 | J37: =ROUND(G37*I37,2) -> 962.73
B38: 1.2.20 | C38: SINAPI | D38: 88489 | E38: PINTURA LÁTEX ACRÍLICA PREMIUM, APLICAÇÃO MANUAL EM PAREDES, DUAS DEMÃOS. AF_04/2023 | F38: M2 | G38: 34.42 | H38: 15.12 | I38: =ROUND(ROUND(H38,2)*(1+J$7),2) -> 18.78 | J38: =ROUND(G38*I38,2) -> 646.41
B39: 1.2.21 | C39: COMP. | D39: COMP. 003 | E39: PINTURA DE ACABAMENTO COM APLICAÇÃO DE 02 DEMÃOS DE VERNIZ ACRÍLICO, CORAL OU SIMILAR | F39: M2 | G39: 24.67 | H39: 20.65 | I39: =ROUND(ROUND(H39,2)*(1+J$7),2) -> 25.65 | J39: =ROUND(G39*I39,2) -> 632.79
... B41: 1.2.23 | C41: SINAPI | D41: 100759 | E41: PINTURA COM TINTA ALQUÍDICA DE ACABAMENTO (ESMALTE SINTÉTICO BRILHANTE) PULVERIZADA SOBRE SUPERFÍCIES METÁLICAS (EXCETO PERFIL) EXECUTADO EM OBRA (02 DEMÃOS). AF_01/2020_PE | F41: M2 | G41: 2.7 | H41: 61.56 | I41: =ROUND(ROUND(H41,2)*(1+J$7),2) -> 76.45 | J41: =ROUND(G41*I41,2) -> 206.42
B42: 1.3 | E42: VARANDA >> SALA VACINA | J42: =SUM(J43:J83) -> 40250.53
B43: 1.3.1 | C43: CDHU-SD | D43: 04.09.020 | E43: RETIRADA DE ESQUADRIA METÁLICA EM GERAL | F43: M2 | G43: 7 | H43: 35.25 | I43: =ROUND(ROUND(H43,2)*(1+J$7),2) -> 43.78 | J43: =ROUND(G43*I43,2) -> 306.46
B44: 1.3.2 | C44: SINAPI | D44: 97633 | E44: DEMOLIÇÃO DE REVESTIMENTO CERÂMICO, DE FORMA MANUAL, SEM REAPROVEITAMENTO. AF_09/2023 | F44: M2 | G44: 3.69 | H44: 32.23 | I44: =ROUND(ROUND(H44,2)*(1+J$7),2) -> 40.03 | J44: =ROUND(G44*I44,2) -> 147.71
B45: 1.3.3 | C45: FDE | D45: 13.50.002 | E45: DEMOLIÇAO PISO GRANILITE, LADRILHO HIDRAULICO, CERAMICO, CACOS, INCLUSIVE BASE | F45: M2 | G45: 18.03 | H45: 35.97 | I45: =ROUND(ROUND(H45,2)*(1+J$7),2) -> 44.67 | J45: =ROUND(G45*I45,2) -> 805.4
B46: 1.3.4 | C46: CDHU-SD | D46: 05.07.040 | E46: REMOÇÃO DE ENTULHO SEPARADO DE OBRA COM CAÇAMBA METÁLICA - TERRA, ALVENARIA, CONCRETO, ARGAMASSA, MADEIRA, PAPEL, PLÁSTICO OU METAL | F46: M3 | G46: 2.49 | H46: 112.66 | I46: =ROUND(ROUND(H46,2)*(1+J$7),2) -> 139.91 | J46: =ROUND(G46*I46,2) -> 348.38
B47: 1.3.5 | C47: SINAPI | D47: 103330 | E47: ALVENARIA DE VEDAÇÃO DE BLOCOS CERÂMICOS FURADOS NA HORIZONTAL DE 11,5X19X19 CM (ESPESSURA 11,5 CM) E ARGAMASSA DE ASSENTAMENTO COM PREPARO EM BETONEIRA. AF_12/2021 | F47: M2 | G47: 16.34 | H47: 89.51 | I47: =ROUND(ROUND(H47,2)*(1+J$7),2) -> 111.16 | J47: =ROUND(G47*I47,2) -> 1816.35
B48: 1.3.6 | C48: FDE | D48: 06.80.009 | E48: CAIXILHO MAXIMAR DE FERRO | F48: M2 | G48: 1.8 | H48: 945.24 | I48: =ROUND(ROUND(H48,2)*(1+J$7),2) -> 1173.89 | J48: =ROUND(G48*I48,2) -> 2113
B49: 1.3.7 | C49: CDHU-SD | D49: 26.01.230 | E49: VIDRO FANTASIA DE 3/4 MM | F49: M2 | G49: 1.8 | H49: 326.85 | I49: =ROUND(ROUND(H49,2)*(1+J$7),2) -> 405.92 | J49: =ROUND(G49*I49,2) -> 730.66
B50: 1.3.8 | C50: CDHU-SD | D50: 25.02.042 | E50: PORTA DE CORRER EM ALUMÍNIO TIPO LAMBRI BRANCO, SOB MEDIDA | F50: M2 | G50: 2.37 | H50: 1134.56 | I50: =ROUND(ROUND(H50,2)*(1+J$7),2) -> 1409.01 | J50: =ROUND(G50*I50,2) -> 3339.35
B51: 1.3.9 | C51: CDHU-SD | D51: 14.30.260 | E51: DIVISÓRIA EM PLACAS DE GESSO ACARTONADO, RESISTÊNCIA AO FOGO 30 MINUTOS, ESPESSURA 73/48MM - 1ST / 1ST | F51: M2 | G51: 4.64 | H51: 162.42 | I51: =ROUND(ROUND(H51,2)*(1+J$7),2) -> 201.71 | J51: =ROUND(G51*I51,2) -> 935.93
B52: 1.3.10 | C52: SINAPI | D52: 87878 | E52: CHAPISCO APLICADO EM ALVENARIAS E ESTRUTURAS DE CONCRETO INTERNAS, COM COLHER DE PEDREIRO. ARGAMASSA TRAÇO 1:3 COM PREPARO MANUAL. AF_10/2022 | F52: M2 | G52: 41.35 | H52: 5.91 | I52: =ROUND(ROUND(H52,2)*(1+J$7),2) -> 7.34 | J52: =ROUND(G52*I52,2) -> 303.51
B53: 1.3.11 | C53: SINAPI | D53: 87529 | E53: MASSA ÚNICA, EM ARGAMASSA TRAÇO 1:2:8, PREPARO MECÂNICO, APLICADA MANUALMENTE EM PAREDES INTERNAS DE AMBIENTES COM ÁREA ENTRE 5M² E 10M², E = 17,5MM, COM TALISCAS. AF_03/2024 | F53: M2 | G53: 41.35 | H53: 41.96 | I53: =ROUND(ROUND(H53,2)*(1+J$7),2) -> 52.11 | J53: =ROUND(G53*I53,2) -> 2154.75
B54: 1.3.12 | C54: SINAPI | D54: 97113 | E54: APLICAÇÃO DE LONA PLÁSTICA PARA EXECUÇÃO DE PAVIMENTOS DE CONCRETO. AF_04/2022 | F54: M2 | G54: 16 | H54: 2.97 | I54: =ROUND(ROUND(H54,2)*(1+J$7),2) -> 3.69 | J54: =ROUND(G54*I54,2) -> 59.04
... B56: 1.3.14 | C56: SINAPI | D56: 87745 | E56: CONTRAPISO EM ARGAMASSA TRAÇO 1:4 (CIMENTO E AREIA), PREPARO MECÂNICO COM BETONEIRA 400 L, APLICADO EM ÁREAS MOLHADAS SOBRE LAJE, ADERIDO, ACABAMENTO NÃO REFORÇADO, ESPESSURA 3CM. AF_07/2021 | F56: M2 | G56: 16 | H56: 58.74 | I56: =ROUND(ROUND(H56,2)*(1+J$7),2) -> 72.95 | J56: =ROUND(G56*I56,2) -> 1167.2
B57: 1.3.15 | C57: SINAPI | D57: 87262 | E57: REVESTIMENTO CERÂMICO PARA PISO COM PLACAS TIPO PORCELANATO DE DIMENSÕES 60X60 CM APLICADA EM AMBIENTES DE ÁREA ENTRE 5 M² E 10 M². AF_02/2023 | F57: M2 | G57: 16 | H57: 128.7 | I57: =ROUND(ROUND(H57,2)*(1+J$7),2) -> 159.83 | J57: =ROUND(G57*I57,2) -> 2557.28
B58: 1.3.16 | C58: CDHU-SD | D58: 18.08.072 | E58: RODAPÉ EM PORCELANATO ESMALTADO POLIDO PARA ÁREA INTERNA E AMBIENTE COM TRÁFEGO MÉDIO, GRUPO DE ABSORÇÃO BIA, ASSENTADO COM ARGAMASSA COLANTE INDUSTRIALIZADA, REJUNTADO | F58: M | G58: 17.3 | H58: 38.09 | I58: =ROUND(ROUND(H58,2)*(1+J$7),2) -> 47.3 | J58: =ROUND(G58*I58,2) -> 818.29
B59: 1.3.17 | C59: CDHU-SD | D59: 19.01.064 | E59: PEITORIL E/OU SOLEIRA EM GRANITO, ESPESSURA DE 2 CM E LARGURA DE 21 CM ATÉ 30 CM, ACABAMENTO POLIDO | F59: M | G59: 1 | H59: 214.15 | I59: =ROUND(ROUND(H59,2)*(1+J$7),2) -> 265.95 | J59: =ROUND(G59*I59,2) -> 265.95
B60: 1.3.18 | C60: CDHU-SD | D60: 44.02.062 | E60: TAMPO/BANCADA EM GRANITO, COM FRONTÃO, ESPESSURA DE 2 CM, ACABAMENTO POLIDO | F60: M2 | G60: 1.32 | H60: 1021.24 | I60: =ROUND(ROUND(H60,2)*(1+J$7),2) -> 1268.28 | J60: =ROUND(G60*I60,2) -> 1674.13
B61: 1.3.19 | C61: CDHU-SD | D61: 44.06.400 | E61: CUBA EM AÇO INOXIDÁVEL SIMPLES DE 500X400X300MM | F61: UN | G61: 1 | H61: 710.81 | I61: =ROUND(ROUND(H61,2)*(1+J$7),2) -> 882.75 | J61: =ROUND(G61*I61,2) -> 882.75
B62: 1.3.20 | C62: CDHU-SD | D62: 44.03.300 | E62: TORNEIRA CLÍNICA COM VOLANTE TIPO ALAVANCA | F62: UN | G62: 1 | H62: 377.94 | I62: =ROUND(ROUND(H62,2)*(1+J$7),2) -> 469.36 | J62: =ROUND(G62*I62,2) -> 469.36
B63: 1.3.21 | C63: SINAPI | D63: 86878 | E63: VÁLVULA EM METAL CROMADO TIPO AMERICANA 3.1/2 X 1.1/2 PARA PIA - FORNECIMENTO E INSTALAÇÃO. AF_01/2020 | F63: UN | G63: 1 | H63: 71.83 | I63: =ROUND(ROUND(H63,2)*(1+J$7),2) -> 89.21 | J63: =ROUND(G63*I63,2) -> 89.21
B64: 1.3.22 | C64: CDHU-SD | D64: 44.20.200 | E64: SIFÃO DE METAL CROMADO DE 1 1/2´ X 2´ | F64: UN | G64: 1 | H64: 152.48 | I64: =ROUND(ROUND(H64,2)*(1+J$7),2) -> 189.36 | J64: =ROUND(G64*I64,2) -> 189.36
B65: 1.3.23 | C65: CDHU-SD | D65: 49.06.196 | E65: GRELHA EM AÇO INOXIDÁVEL COM FECHO ROTATIVO, DN= 150MM | F65: UN | G65: 1 | H65: 25.87 | I65: =ROUND(ROUND(H65,2)*(1+J$7),2) -> 32.13 | J65: =ROUND(G65*I65,2) -> 32.13
B66: 1.3.24 | C66: CDHU-SD | D66: 23.08.040 | E66: ARMÁRIO/GABINETE EMBUTIDO EM MDF SOB MEDIDA, REVESTIDO EM LAMINADO MELAMÍNICO, COM PORTAS E PRATELEIRAS | F66: M2 | G66: 1.58 | H66: 2555.88 | I66: =ROUND(ROUND(H66,2)*(1+J$7),2) -> 3174.15 | J66: =ROUND(G66*I66,2) -> 5015.16
B67: 1.3.25 | C67: CDHU-SD | D67: 46.01.020 | E67: TUBO DE PVC RÍGIDO SOLDÁVEL MARROM, DN= 25 MM, (3/4´), INCLUSIVE CONEXÕES | F67: M | G67: 5 | H67: 34.19 | I67: =ROUND(ROUND(H67,2)*(1+J$7),2) -> 42.46 | J67: =ROUND(G67*I67,2) -> 212.3
B68: 1.3.26 | C68: CDHU-SD | D68: 46.02.050 | E68: TUBO DE PVC RÍGIDO BRANCO PXB COM VIROLA E ANEL DE BORRACHA, LINHA ESGOTO SÉRIE NORMAL, DN= 50 MM, INCLUSIVE CONEXÕES | F68: M | G68: 5 | H68: 49.71 | I68: =ROUND(ROUND(H68,2)*(1+J$7),2) -> 61.73 | J68: =ROUND(G68*I68,2) -> 308.65
B69: 1.3.27 | C69: SINAPI | D69: 89987 | E69: REGISTRO DE GAVETA BRUTO, LATÃO, ROSCÁVEL, 3/4", COM ACABAMENTO E CANOPLA CROMADOS - FORNECIMENTO E INSTALAÇÃO. AF_08/2021 | F69: UN | G69: 1 | H69: 90.24 | I69: =ROUND(ROUND(H69,2)*(1+J$7),2) -> 112.07 | J69: =ROUND(G69*I69,2) -> 112.07
... B82: 1.3.40 | C82: SINAPI | D82: 100759 | E82: PINTURA COM TINTA ALQUÍDICA DE ACABAMENTO (ESMALTE SINTÉTICO BRILHANTE) PULVERIZADA SOBRE SUPERFÍCIES METÁLICAS (EXCETO PERFIL) EXECUTADO EM OBRA (02 DEMÃOS). AF_01/2020_PE | F82: M2 | G82: 1.8 | H82: 61.56 | I82: =ROUND(ROUND(H82,2)*(1+J$7),2) -> 76.45 | J82: =ROUND(G82*I82,2) -> 137.61
B83: 1.3.41 | C83: CDHU-SD | D83: 43.07.340 | E83: AR CONDICIONADO A FRIO, TIPO SPLIT PAREDE COM CAPACIDADE DE 18.000 BTU/H | F83: UN | G83: 1 | H83: 5235.07 | I83: =ROUND(ROUND(H83,2)*(1+J$8),2) -> 5816.16 | J83: =ROUND(G83*I83,2) -> 5816.16
B84: 1.4 | E84: WC ACESSIVEL MASC. | J84: =SUM(J85:J88) -> 1100.18
B85: 1.4.1 | C85: CDHU-SD | D85: 43.05.030 | E85: EXAUSTOR ELÉTRICO EM PLÁSTICO, VAZÃO DE 150 A 190M³/H | F85: UN | G85: 1 | H85: 464.2 | I85: =ROUND(ROUND(H85,2)*(1+J$7),2) -> 576.49 | J85: =ROUND(G85*I85,2) -> 576.49
B86: 1.4.2 | C86: CDHU-SD | D86: 43.05.100 | E86: INSUFLADOR DE AR COMPACTO, PARA RENOVAÇÃO DE AR EM AMBIENTES, VAZÃO MÁXIMA 93 M³/H | F86: UN | G86: 1 | H86: 350.73 | I86: =ROUND(ROUND(H86,2)*(1+J$7),2) -> 435.57 | J86: =ROUND(G86*I86,2) -> 435.57
B87: 1.4.3 | C87: SINAPI | D87: 88484 | E87: FUNDO SELADOR ACRÍLICO, APLICAÇÃO MANUAL EM TETO, UMA DEMÃO. AF_04/2023 | F87: M2 | G87: 2.89 | H87: 6.37 | I87: =ROUND(ROUND(H87,2)*(1+J$7),2) -> 7.91 | J87: =ROUND(G87*I87,2) -> 22.86
B88: 1.4.4 | C88: SINAPI | D88: 88488 | E88: PINTURA LÁTEX ACRÍLICA PREMIUM, APLICAÇÃO MANUAL EM TETO, DUAS DEMÃOS. AF_04/2023 | F88: M2 | G88: 2.89 | H88: 18.18 | I88: =ROUND(ROUND(H88,2)*(1+J$7),2) -> 22.58 | J88: =ROUND(G88*I88,2) -> 65.26
B89: 1.5 | E89: RECEPÇÃO | J89: =SUM(J90:J92) -> 808.86
B90: 1.5.1 | C90: SINAPI | D90: 88485 | E90: FUNDO SELADOR ACRÍLICO, APLICAÇÃO MANUAL EM PAREDE, UMA DEMÃO. AF_04/2023 | F90: M2 | G90: 15.23 | H90: 5.12 | I90: =ROUND(ROUND(H90,2)*(1+J$7),2) -> 6.36 | J90: =ROUND(G90*I90,2) -> 96.86
B91: 1.5.2 | C91: SINAPI | D91: 88497 | E91: EMASSAMENTO COM MASSA LÁTEX, APLICAÇÃO EM PAREDE, DUAS DEMÃOS, LIXAMENTO MANUAL. AF_04/2023 | F91: M2 | G91: 15.23 | H91: 22.52 | I91: =ROUND(ROUND(H91,2)*(1+J$7),2) -> 27.97 | J91: =ROUND(G91*I91,2) -> 425.98
B92: 1.5.3 | C92: SINAPI | D92: 88489 | E92: PINTURA LÁTEX ACRÍLICA PREMIUM, APLICAÇÃO MANUAL EM PAREDES, DUAS DEMÃOS. AF_04/2023 | F92: M2 | G92: 15.23 | H92: 15.12 | I92: =ROUND(ROUND(H92,2)*(1+J$7),2) -> 18.78 | J92: =ROUND(G92*I92,2) -> 286.02
B93: 1.6 | E93: EXTERNO | J93: =SUM(J94:J95) -> 1541.83
B94: 1.6.1 | C94: SINAPI | D94: 88485 | E94: FUNDO SELADOR ACRÍLICO, APLICAÇÃO MANUAL EM PAREDE, UMA DEMÃO. AF_04/2023 | F94: M2 | G94: 59.21 | H94: 5.12 | I94: =ROUND(ROUND(H94,2)*(1+J$7),2) -> 6.36 | J94: =ROUND(G94*I94,2) -> 376.58
B95: 1.6.2 | C95: SINAPI | D95: 95305 | E95: TEXTURA ACRÍLICA, APLICAÇÃO MANUAL EM PAREDE, UMA DEMÃO. AF_04/2023 | F95: M2 | G95: 59.21 | H95: 15.85 | I95: =ROUND(ROUND(H95,2)*(1+J$7),2) -> 19.68 | J95: =ROUND(G95*I95,2) -> 1165.25
B96: 1.7 | E96: LIMPEZA FINAL DE OBRA | J96: =SUM(J97) -> 308.4
B97: 1.7.1 | C97: SINAPI | D97: 88316 | E97: SERVENTE COM ENCARGOS COMPLEMENTARES | F97: H | G97: 8 | H97: 31.04 | I97: =ROUND(ROUND(H97,2)*(1+J$7),2) -> 38.55 | J97: =ROUND(G97*I97,2) -> 308.4
E99: TOTAL DO ORÇAMENTO | J99: =J16+J18+J42+J84+J89+J93+J96 -> 49940.47
B101: Altamir Roberto Marascalchi Filho - Eng° Civil - CREA 5070622761
B102: e-mail: sms.obras@riopreto.sp.gov.br - (17) 3216-9787

Sheet Comp
B4: COMPOSIÇÕES ANALITICAS AUXILIARES | H4: =Planilha!I4 -> 46183
B8: Unidade | C8: =Planilha!C7 -> UBS ENGENHEIRO SCHMITT
B9: Objeto | C9: =Planilha!C8 -> ADEQUAÇÃO NA VARANDA DA UNIDADE
B10: Local | C10: =Planilha!C9 -> RUA OTÁVIO ZANETONE, 158
C11: =Planilha!C10 -> JD. SCHMITT - DISTRITO DE ENGENHEIRO SCHMITT | F11: Cidade: | G11: =Planilha!H10 -> SÃO JOSÉ DO RIO PRETO - SP
B13: COMP. 003 | D13: PINTURA DE ACABAMENTO COM APLICAÇÃO DE 02 DEMÃOS DE VERNIZ ACRÍLICO, CORAL OU SIMILAR | E13: M2 | G13: ORSE | H13: =SUM(H15:H17) -> 20.65
B14: FONTE | C14: CÓDIGO | D14: DESCRIÇÃO DO INSUMO | E14: UNIDADE | F14: COEFICIENTE | G14: CUSTO UNITÁRIO | H14: CUSTO TOTAL
B15: SINAPI | C15: 88310 | D15: PINTOR COM ENCARGOS COMPLEMENTARES | E15: H | F15: 0.35 | G15: 37.45 | H15: =IF(G15=0,"",ROUND(F15*G15,2)) -> 13.11
B16: SINAPI | C16: 88316 | D16: SERVENTE COM ENCARGOS COMPLEMENTARES | E16: H | F16: 0.15 | G16: 31.04 | H16: =IF(G16=0,"",ROUND(F16*G16,2)) -> 4.66
B17: ORSE | C17: 04740/ORSE | D17: VERNIZ ACRILICO INCOLOR, CORAL OU SIMILAR | E17: L | F17: 0.16 | G17: 18.02 | H17: =IF(G17=0,"",ROUND(F17*G17,2)) -> 2.88
B19: Altamir Roberto Marascalchi Filho - Eng° Civil - CREA 5070622761
B20: e-mail: sms.obras@riopreto.sp.gov.br - (17) 3216-9787

Sheet Cronograma
J3: CRONOGRAMA FÍSICO - FINANCEIRO
B4: UNIDADE: | E4: =Planilha!C7 -> UBS ENGENHEIRO SCHMITT
B5: OBJETO: | E5: =Planilha!C8 -> ADEQUAÇÃO NA VARANDA DA UNIDADE | M5: CIDADE: | N5: SÃO JOSÉ DO RIO PRETO - SP
B6: LOCAL: | E6: =Planilha!C9 -> RUA OTÁVIO ZANETONE, 158 | F6: =Planilha!C10 -> JD. SCHMITT - DISTRITO DE ENGENHEIRO SCHMITT
B7: ITEM | E7: DESCRIÇÃO | F7: VALOR (R$) | G7: % | H7: 1 | K7: 2 | N7: 3 | Q7: 4
H9: R$ | I9: % | J9: %ACUM. | K9: R$ | L9: % | M9: %ACUM. | N9: R$ | O9: % | P9: %ACUM. | Q9: R$ | R9: % | S9: %ACUM.
E10: ADEQUAÇÃO NA VARANDA DA UNIDADE | F10: =Planilha!J99 -> 49940.47 | G10: =F10/F$12 -> 1 | H10: =$F10*I10% -> 19976.188 | I10: 40 | J10: =I10 -> 40 | K10: =$F10*L10% -> 24970.235 | L10: 50 | M10: =L10+J10 -> 90 | N10: =$F10*O10% -> 4994.047 | O10: 10 | P10: =O10+M10 -> 100 | Q10: =$F10*R10% -> 0 | R10: 0 | S10: =R10+P10 -> 100
B12: TOTAIS | E12: ORÇAMENTO | F12: =SUM(F10:F10) -> 49940.47 | G12: =SUM(G10:G10) -> 1
E13: % EXECUTADO NO PERÍODO | H13: =H15/$F$12 -> 0.4 | K13: =K15/$F$12 -> 0.5 | N13: =N15/$F$12 -> 0.1 | Q13: =Q15/$F$12 -> 0
E14: % ACUMULADO NO PERÍODO | H14: =H13 -> 0.4 | K14: =K13+H14 -> 0.9 | N14: =N13+K14 -> 1 | Q14: =Q13+N14 -> 1
E15: VALOR (R$) EXECUTADO NO PERÍODO | H15: =SUM(H10:H10) -> 19976.188 | K15: =SUM(K10:K10) -> 24970.235 | N15: =SUM(N10:N10) -> 4994.047 | Q15: =SUM(Q10:Q10) -> 0
E16: VALOR (R$) ACUMULADO NO PERÍODO | H16: =H15 -> 19976.188 | K16: =K15+H16 -> 44946.423 | N16: =N15+K16 -> 49940.47 | Q16: =Q15+N16 -> 49940.47
H18: Altamir Roberto Marascalchi Filho - Eng° Civil - CREA 5070622761
B19: e-mail: sms.obras@riopreto.sp.gov.br - (17) 3216-9787
